 Dungeon Crawl Stone Soup version 0.20.1-1-g8b1a95d (webtiles) character file.

132 ANON1729 the Sneak (level 4, 0/22 HPs)
             Began as a Spriggan Assassin on Oct 21, 2017.
             Succumbed to an adder's poison
             ... on level 4 of the Dungeon.
             The game lasted 00:12:10 (3291 turns).

ANON1729 the Sneak (Spriggan Assassin)              Turns: 3291, Time: 00:12:11

Health: 0/22       AC:  5    Str: 12    XL:     4   Next: 92%
Magic:  5/5        EV: 18    Int: 12    God:
Gold:   97         SH:  0    Dex: 18    Spells: 3/3 levels left

rFire    . . .     SeeInvis +   a - +3 dagger
rCold    . . .     Gourm    .   (shield restricted)
rNeg     . . .     Faith    .   c - +2 robe
rPois    .         Spirit   .   (helmet restricted)
rElec    .         Reflect  .   d - +0 cloak
rCorr    .         Harm     .   (gloves unavailable)
MR       .....                  (boots unavailable)
Stlth    ++++......             (no amulet)
Regen    0.1/turn               (no ring)
MPRegen  0.1/turn               (no ring)

@: mighty, lethally poisoned (0 -> -4), very quick
A: unfitting armour, see invisible, herbivore 3, speed 3, slow metabolism 2
a: no special abilities


You were on level 4 of the Dungeon.
You were full.

You visited 1 branch of the dungeon, and saw 4 of its levels.

You collected 97 gold pieces.

Inventory:

Hand Weapons
 a - a +3 dagger (weapon)
 b - a +0 blowgun
 h - a +0 vampiric short sword
Missiles
 e - 8 poisoned needles
 f - 2 curare-tipped needles
Armour
 c - a +2 robe (worn)
 d - a +0 cloak (worn)
Wands
 i - a wand of disintegration (9/24)
Scrolls
 l - a scroll of remove curse
 n - a scroll of recharging
 o - a scroll of fog
Books
 p - a book of Maledictions

   Spells                             Type                      Level
   a - Corona                         Hexes                        1
   b - Ensorcelled Hibernation        Hexes/Ice                    2
   c - Confuse                        Hexes                        3
   d - Tukima's Dance                 Hexes                        3
   e - Dazzling Spray                 Conjuration/Hexes            3
Comestibles
 g - 2 bread rations


   Skills:
 - Level 1.5 Fighting
 + Level 4.0 Short Blades
 - Level 2.0 Throwing
 + Level 2.6 Dodging
 + Level 7.9 Stealth


You had 3 spell levels left.
You didn't know any spells.

Dungeon Overview and Level Annotations

Branches:
Dungeon (4/15)
 Temple: D:4-7

Altars:
Ashenzari
Elyvilon
Uskayaw

Annotations:
D:2 Sigmund
D:3 Erymatos's ghost, amateur MiBe


Innate Abilities, Weirdness & Mutations

You are very small and have problems with some larger weapons.
You are too small for most types of armour.
You have supernaturally acute eyesight. (SInv)
You are a herbivore.
You cover ground extremely quickly.
You need consume almost no food.


Message History

Press: ? - help, Shift-Dir - straight line, f - you That would be overly suicidal.
Okay, then.
Evoke which item? (* to show all) (? for menu, Esc to quit)
Aiming: Disintegrate
Press: ? - help, Shift-Dir - straight line Nothing appears to happen.
This wand has 9 charges left.
There's nothing to close nearby.
Evoke which item? (* to show all) (? for menu, Esc to quit)
Okay, then.
* * * LOW HITPOINT WARNING * * *
You feel sick.
Things that are here:
a dagger; a robe
Items here: )) [ รท a vampiric short sword; a war axe; a leather armour; an orc skeleton You eat one of the 3 bread rations.
That bread ration really hit the spot!
Okay, then.
h - a vampiric short sword You die...

############.
##..@................
#..)######...........
#...# #...........
#...## #....#......
##...# #....#......
#...## #....#......
##...## #....##..8.8
##...###....##o..<.
##...##.o......8.8


There were no monsters in sight!

Vanquished Creatures
  An orc wizard (D:4)
  3 adders
  An ooze (D:2)
  3 dart slugs (D:1)
  2 leopard geckos
  13 orcs
  4 ball pythons
  4 bats
  2 giant cockroaches (D:2)
  3 goblins
  5 hobgoblins
  2 jackals (D:2)
  3 frilled lizards
  7 kobolds
  5 rats
58 creatures vanquished.

Vanquished Creatures (others)
  A quokka (D:3)
1 creature vanquished.

Grand Total: 59 creatures vanquished

Notes
Turn   | Place    | Note
-------+----------+-------------------------------------------
     0 | D:1      | ANON1729 the Spriggan Assassin began the quest for the Orb.
     0 | D:1      | Reached XP level 1. HP: 10/10 MP: 2/2
    53 | D:1      | Reached skill level 6 in Stealth
   222 | D:1      | Reached XP level 2. HP: 14/14 MP: 3/3
   901 | D:1      | Reached XP level 3. HP: 18/18 MP: 4/4
   969 | D:2      | Reached skill level 7 in Stealth
  1013 | D:2      | Noticed Sigmund
  1024 | D:2      | Found a hide-covered altar of Uskayaw.
  1061 | D:2      | Found a shattered altar of Ashenzari.
  2196 | D:2      | Reached XP level 4. HP: 14/22 MP: 5/5
  2598 | D:3      | Found a white marble altar of Elyvilon.
  2757 | D:3      | Noticed Erymatos's ghost (amateur MiBe)
  3284 | D:4      | HP: 1/22 [poisoned by an adder]
  3291 | D:4      | Succumbed to an adder's poison

Skill      XL: |  1  2  3  4 |
---------------+-------------+-----
Stealth        | 6 7 |  7.9
Short Blades   | 3 4 |  4.0
Dodging        | 2 |  2.6
Fighting       | |  1.5
Throwing       | |  2.0

Action                   |  1- 3 |  4- 6 || total
-------------------------+-------+-------++-------
Melee: Dagger            |   153 |   120 ||   273
Evoke: Wand              |       |     1 ||     1
  Use: Scroll            |     6 |     5 ||    11
       Potion            |       |     3 ||     3
 Stab: Sleeping          |    13 |       ||    13
  Eat: Bread ration      |       |     1 ||     1
Armor: Robe              |    21 |    14 ||    35
Dodge: Dodged            |   136 |    61 ||   197
